BSA
GREENVILLE 84S @ CHICAGO MACHINE
04/17/2027
 
TOP OF THE 1ST
Greenville 84s batting - Pitching for Chicago Machine : RHP Raúl Ruíz
Pitching: RHP Raúl Ruíz
Batting: RHB Carlos Torres 0-0: Ball
1-0: Ball
2-0: Ball
3-0: Base on Balls
Batting: LHB Chris Moore 0-0: Called Strike
0-1: Ball
1-1: Ball
2-1: Foul Ball, location: 2F
2-2: Foul Ball, location: 2F
2-2: SINGLE (Groundball, 6D)
Carlos Torres to second
Batting: RHB Enzo Díaz 0-0: Ball
1-0: DOUBLE (Line Drive, 5D)
Carlos Torres scores
Chris Moore to third
Batting: LHB Brock Larsen 0-0: Called Strike
0-1: Foul Ball, location: 2F
0-2: Ball
1-2: 3-RUN HOME RUN (Line Drive, 89D), Distance : 430 ft
Batting: LHB Paco Rosas 0-0: Fly out, F9 (Flyball, 9)
Batting: LHB George Wood 0-0: Called Strike
0-1: Foul Ball, location: 2F
0-2: Foul Ball, location: 2F
0-2: SINGLE (Line Drive, 6)
Batting: RHB Owen Carter 0-0: Ball
1-0: Foul Ball, location: 2F
1-1: Ball
2-1: Ball
3-1: Called Strike
3-2: 2-RUN HOME RUN (Flyball, 9D), Distance : 401 ft
Batting: LHB Robert Moore 0-0: Foul Ball, location: 2F
0-1: Ball
1-1: DOUBLE (Groundball, 3L)
Batting: RHB Jorge Cisneros 0-0: Called Strike
Robert Moore steals 3rd base
0-1: SINGLE (Flyball, 9LS)
Robert Moore scores
Batting: RHB Carlos Torres 0-0: Ball
Jorge Cisneros steals 2nd base
1-0: Foul Ball, location: 2F
1-1: Foul Ball, location: 2F
1-2: Foul Ball, location: 2F
1-2: Ball
2-2: Foul Ball, location: 2F
2-2: Ground out 5-3 (Groundball, 56)
Batting: LHB Chris Moore 0-0: Fly out, F6 (Popup, 6MS)
Top of the 1st over - 7 run(s), 7 hit(s), 0 error(s), 1 left on base; Greenville 7 - Chicago 0
BOTTOM OF THE 1ST
Chicago Machine batting - Pitching for Greenville 84s : RHP Jing-xiang Fa
Pitching: RHP Jing-xiang Fa
Batting: RHB Matt Doyle 0-0: Ball
1-0: Ball
2-0: Foul Ball, location: 2F
2-1: Foul Ball, location: 2F
2-2: Ball
3-2: Ground out 5-3 (Groundball, 56S)
Batting: SHB Edward Bartlett 0-0: Fly out, F4 (Popup, 4D)
Batting: RHB Doug Stephens 0-0: SOLO HOME RUN (Flyball, 78XD), Distance : 434 ft
Batting: SHB José Alomar 0-0: Ball
1-0: Called Strike
1-1: Ball
2-1: Ball
3-1: Ground out 4-3 (Groundball, 4M)
Bottom of the 1st over - 1 run(s), 1 hit(s), 0 error(s), 0 left on base; Greenville 7 - Chicago 1
TOP OF THE 2ND
Greenville 84s batting - Pitching for Chicago Machine : RHP Raúl Ruíz
Batting: RHB Enzo Díaz 0-0: Swinging Strike
0-1: Ball
1-1: Called Strike
1-2: Foul Ball, location: 2F
1-2: Ball
2-2: Foul Ball, location: 2F
2-2: Ball
3-2: SINGLE (Line Drive, 9S)
Batting: LHB Brock Larsen 0-0: Ball
1-0: SINGLE (Line Drive, 56)
Enzo Díaz to second
Batting: LHB Paco Rosas 0-0: Ball
1-0: Ball
2-0: Swinging Strike
2-1: SINGLE (Flyball, 9S)
Enzo Díaz to third
Brock Larsen to second
Runner from 3rd tries for Home, SAFE, throw made home
Brock Larsen to third
Paco Rosas to second
Batting: LHB George Wood 0-0: Ball
1-0: Ball
2-0: Ball
3-0: Base on Balls
Batting: RHB Owen Carter 0-0: Fly out, F9 (Flyball, 89S)
Batting: LHB Robert Moore 0-0: Called Strike
0-1: Foul Ball, location: 2F
0-2: Strikes out swinging
Batting: RHB Jorge Cisneros 0-0: Called Strike
0-1: Ground out 1-3 (Groundball, P)
Top of the 2nd over - 1 run(s), 3 hit(s), 0 error(s), 3 left on base; Greenville 8 - Chicago 1
BOTTOM OF THE 2ND
Chicago Machine batting - Pitching for Greenville 84s : RHP Jing-xiang Fa
Batting: LHB Kiyonaga Morita 0-0: Ball
1-0: Ball
2-0: Called Strike
2-1: Ball
3-1: Called Strike
3-2: Ground out U3 (Groundball, 34)
Batting: SHB Lee Townsend 0-0: Called Strike
0-1: Called Strike
0-2: Ball
1-2: Foul Ball, location: 2F
1-2: Ground out U3 (Groundball, 34)
Batting: RHB Lorenzo Guzmán 0-0: Ball
1-0: Called Strike
1-1: SINGLE (Groundball, 4D)
Batting: SHB Jesús Ramírez 0-0: Ball
1-0: Fly out, F8 (Flyball, 8LD)
Bottom of the 2nd over - 0 run(s), 1 hit(s), 0 error(s), 1 left on base; Greenville 8 - Chicago 1
TOP OF THE 3RD
Greenville 84s batting - Pitching for Chicago Machine : RHP Raúl Ruíz
Pitching: RHP Howard Joyce
Batting: RHB Carlos Torres 0-0: Hit by Pitch
Batting: LHB Chris Moore 0-0: Swinging Strike
0-1: Swinging Strike
0-2: Ball
1-2: Ball
2-2: Foul Ball, location: 2F
2-2: Ball
Carlos Torres steals 2nd base
3-2: Base on Balls
Batting: RHB Enzo Díaz 0-0: Ball
1-0: Fly out, F7 (Flyball, 7)
Batting: LHB Brock Larsen 0-0: Ball
1-0: Called Strike
1-1: 3-RUN HOME RUN (Flyball, 7D), Distance : 393 ft
Batting: LHB Paco Rosas 0-0: Called Strike
0-1: Swinging Strike
0-2: Foul Ball, location: 2F
0-2: Foul Ball, location: 2F
0-2: Foul Ball, location: 2F
0-2: Foul Ball, location: 2F
0-2: Ball
1-2: Foul Ball, location: 2F
1-2: Ball
2-2: Foul Ball, location: 2F
2-2: Foul Ball, location: 2F
2-2: Ball
3-2: SINGLE (Groundball, 34D)
Batting: LHB George Wood 0-0: Fly out, F7 (Flyball, 7)
Batting: RHB Owen Carter 0-0: Ball
1-0: Ball
2-0: Called Strike
2-1: Foul Ball, location: 2F
2-2: Strikes out swinging
Top of the 3rd over - 3 run(s), 2 hit(s), 0 error(s), 1 left on base; Greenville 11 - Chicago 1
BOTTOM OF THE 3RD
Chicago Machine batting - Pitching for Greenville 84s : RHP Jing-xiang Fa
Batting: SHB Joaquín López 0-0: Ground out 1-3 (Groundball, 13)
Batting: RHB Matt Doyle 0-0: Ball
1-0: SINGLE (Line Drive, 8LS)
Batting: SHB Edward Bartlett 0-0: Ball
1-0: Called Strike
1-1: Foul Ball, location: 2F
1-2: Foul Ball, location: 2F
1-2: Ball
2-2: Fielders Choice at 2nd, 1-6 (Groundball, 13S)
Batting: RHB Doug Stephens 0-0: Ball
1-0: Ball
2-0: Called Strike
2-1: Fly out, F9 (Flyball, 9S)
Bottom of the 3rd over - 0 run(s), 1 hit(s), 0 error(s), 1 left on base; Greenville 11 - Chicago 1
TOP OF THE 4TH
Greenville 84s batting - Pitching for Chicago Machine : RHP Howard Joyce
Batting: LHB Robert Moore 0-0: Called Strike
0-1: Ball
1-1: Ball
2-1: Fly out, F8 (Flyball, 8RM)
Batting: RHB Jorge Cisneros 0-0: Ball
1-0: Ball
2-0: Called Strike
2-1: Ball
3-1: Fly out, F6 (Popup, 6MD)
Batting: RHB Carlos Torres 0-0: Called Strike
0-1: Ball
1-1: Foul Ball, location: 2F
1-2: Strikes out looking
Top of the 4th over - 0 run(s), 0 hit(s), 0 error(s), 0 left on base; Greenville 11 - Chicago 1
BOTTOM OF THE 4TH
Chicago Machine batting - Pitching for Greenville 84s : RHP Jing-xiang Fa
Batting: SHB José Alomar 0-0: Ball
1-0: Foul Ball, location: 2F
1-1: Foul Ball, location: 2F
1-2: SINGLE (Line Drive, 6M)
Batting: LHB Kiyonaga Morita 0-0: Called Strike
0-1: Ball
1-1: Foul Ball, location: 2F
1-2: Ball
2-2: Foul Ball, location: 2F
2-2: Ball
3-2: Foul Ball, location: 2F
3-2: Ground out 6-3 (Groundball, 6)
José Alomar to second
Batting: SHB Lee Townsend 0-0: Ball
1-0: Ball
2-0: Ball
3-0: Called Strike
3-1: SINGLE (Line Drive, 4)
José Alomar to third
Batting: RHB Lorenzo Guzmán 0-0: Ball
1-0: Fielders Choice at 2nd, 3-6 (Groundball, 34)
José Alomar scores
Batting: SHB Jesús Ramírez 0-0: Ball
1-0: Fielders Choice at 2nd, 4-6 (Groundball, 4)
Bottom of the 4th over - 1 run(s), 2 hit(s), 0 error(s), 0 left on base; Greenville 11 - Chicago 2
TOP OF THE 5TH
Greenville 84s batting - Pitching for Chicago Machine : RHP Howard Joyce
Pitching: LHP John Lane
Batting: LHB Chris Moore 0-0: SOLO HOME RUN (Flyball, 9LD), Distance : 365 ft
Batting: RHB Enzo Díaz 0-0: Foul Ball, location: 2F
0-1: Ball
1-1: Ball
2-1: Foul Ball, location: 2F
2-2: Foul Ball, location: 2F
2-2: Ball
3-2: Foul Ball, location: 2F
3-2: Foul Ball, location: 2F
3-2: Fly out, F4 (Flyball, 4D)
Batting: LHB Brock Larsen 0-0: Fly out, F4 (Popup, 4MD)
Batting: LHB Paco Rosas 0-0: Ball
1-0: Ball
2-0: Called Strike
2-1: SINGLE (Flyball, 8RS)
Batting: LHB George Wood 0-0: Ball
1-0: SINGLE (Groundball, 4MD)
Paco Rosas to second
Batting: RHB Owen Carter 0-0: Ball
1-0: Ball
2-0: Swinging Strike
2-1: Ball
3-1: Base on Balls
Paco Rosas to third
George Wood to second
Batting: LHB Robert Moore 0-0: Called Strike
0-1: Ground out U3 (Groundball, 3L)
Top of the 5th over - 1 run(s), 3 hit(s), 0 error(s), 3 left on base; Greenville 12 - Chicago 2
BOTTOM OF THE 5TH
Chicago Machine batting - Pitching for Greenville 84s : RHP Jing-xiang Fa
Batting: SHB Joaquín López 0-0: Ball
1-0: Ball
2-0: Ball
3-0: Called Strike
3-1: Foul Ball, location: 2F
3-2: Base on Balls
Batting: RHB Matt Doyle 0-0: Called Strike
0-1: Ball
1-1: Foul Ball, location: 2F
1-2: Ball
2-2: Foul Ball, location: 2F
2-2: Fly out, F8 (Flyball, 89S)
Batting: SHB Edward Bartlett 0-0: Called Strike
0-1: SINGLE (Line Drive, 4M)
Joaquín López to second
Batting: RHB Doug Stephens 0-0: Called Strike
0-1: Swinging Strike
0-2: Ball
1-2: Strikes out swinging
Batting: SHB José Alomar 0-0: Ball
1-0: Swinging Strike
1-1: Foul Ball, location: 2F
1-2: Ball
2-2: Ball
3-2: SINGLE (Line Drive, 7S)
Joaquín López to third
Edward Bartlett to second
Joaquín López scores
Edward Bartlett to third
Batting: LHB Kiyonaga Morita 0-0: SINGLE (Line Drive, 6D)
Edward Bartlett scores
José Alomar to second
Batting: SHB Lee Townsend 0-0: Ball
1-0: SINGLE (Line Drive, 34)
José Alomar to third
Kiyonaga Morita to second
Runner from 3rd tries for Home, SAFE, no throw
Batting: RHB Lorenzo Guzmán 0-0: Fielders Choice at 2nd, 4-6 (Groundball, 34)
Bottom of the 5th over - 3 run(s), 4 hit(s), 0 error(s), 1 left on base; Greenville 12 - Chicago 5
TOP OF THE 6TH
Greenville 84s batting - Pitching for Chicago Machine : LHP John Lane
Batting: RHB Jorge Cisneros 0-0: Ground out 4-3 (Groundball, 4S)
Batting: RHB Carlos Torres 0-0: Ground out 5-3 (Groundball, 5S)
Batting: LHB Chris Moore 0-0: Foul Ball, location: 2F
0-1: Called Strike
0-2: Ball
1-2: Ball
2-2: Strikes out swinging
Top of the 6th over - 0 run(s), 0 hit(s), 0 error(s), 0 left on base; Greenville 12 - Chicago 5
BOTTOM OF THE 6TH
Chicago Machine batting - Pitching for Greenville 84s : RHP Jing-xiang Fa
Batting: SHB Jesús Ramírez 0-0: Called Strike
0-1: Ball
1-1: Ground out 4-3 (Groundball, 4)
Batting: SHB Joaquín López 0-0: Called Strike
0-1: DOUBLE (Groundball, 3L)
Batting: RHB Matt Doyle 0-0: Ball
1-0: Called Strike
1-1: Foul Ball, location: 2F
1-2: Ball
2-2: Strikes out swinging
Batting: SHB Edward Bartlett 0-0: Ball
1-0: Foul Ball, location: 2F
1-1: Ball
2-1: Swinging Strike
2-2: SINGLE (Groundball, 34D)
Joaquín López to third
Runner from 3rd tries for Home, SAFE, no throw
Pitching: RHP Fernand Picard
Batting: RHB Doug Stephens 0-0: Ball
1-0: Ball
2-0: Called Strike
2-1: Ball
Edward Bartlett steals 2nd base
3-1: Foul Ball, location: 2F
3-2: Ground out 1-3 (Groundball, 15)
Bottom of the 6th over - 1 run(s), 2 hit(s), 0 error(s), 1 left on base; Greenville 12 - Chicago 6
TOP OF THE 7TH
Greenville 84s batting - Pitching for Chicago Machine : LHP John Lane
Batting: RHB Enzo Díaz 0-0: Ball
1-0: Foul Ball, location: 2F
1-1: Foul Ball, location: 2F
1-2: Foul Ball, location: 2F
1-2: SINGLE (Line Drive, 89M)
Batting: LHB Brock Larsen 0-0: Ball
1-0: Ball
2-0: Ball
3-0: Called Strike
3-1: SINGLE (Line Drive, 6MD)
Enzo Díaz to second
Pitching: LHP Austin Wall
Batting: LHB Paco Rosas 0-0: Reached on error, E4 (Groundball, 4)
Enzo Díaz to third
Brock Larsen to second
Batting: LHB George Wood 0-0: SINGLE (Groundball, 3D)
Enzo Díaz scores
Brock Larsen to third
Paco Rosas to second
Batting: RHB Owen Carter 0-0: Ball
1-0: Ball
2-0: Ball
3-0: SINGLE (Groundball, 34D)
Brock Larsen scores
Paco Rosas to third
George Wood to second
Batting: LHB Robert Moore 0-0: Hit by Pitch
Paco Rosas scores
George Wood to third
Owen Carter to second
Batting: RHB Jorge Cisneros 0-0: Ball
1-0: Ball
2-0: Ball
3-0: Foul Ball, location: 2F
3-1: Foul Ball, location: 2F
3-2: Base on Balls
George Wood scores
Owen Carter to third
Robert Moore to second
Batting: RHB Carlos Torres 0-0: Ball
1-0: Foul Ball, location: 2F
1-1: Foul Ball, location: 2F
1-2: Strikes out swinging
Batting: LHB Chris Moore 0-0: Called Strike
0-1: Foul Ball, location: 2F
0-2: Foul Ball, location: 2F
0-2: Strikes out looking
Batting: RHB Enzo Díaz 0-0: Ball
1-0: Foul Ball, location: 2F
1-1: Ball
2-1: Swinging Strike
2-2: Foul Ball, location: 2F
2-2: Foul Ball, location: 2F
2-2: Foul Ball, location: 2F
2-2: Ball
3-2: Foul Ball, location: 2F
3-2: GRAND SLAM HOME RUN (Flyball, 78XD), Distance : 433 ft
Pitching: RHP Sam Wallace
Batting: LHB Brock Larsen 0-0: Ball
1-0: Ball
2-0: Ball
3-0: Base on Balls
Batting: LHB Paco Rosas 0-0: Called Strike
0-1: SINGLE (Flyball, 9S)
Brock Larsen to second
Runner from 2nd tries for 3rd, OUT!
Top of the 7th over - 8 run(s), 6 hit(s), 1 error(s), 1 left on base; Greenville 20 - Chicago 6
BOTTOM OF THE 7TH
Chicago Machine batting - Pitching for Greenville 84s : RHP Fernand Picard
Batting: SHB José Alomar 0-0: Ball
1-0: Ball
2-0: Foul Ball, location: 2F
2-1: Ball
3-1: Base on Balls
Batting: LHB Kiyonaga Morita 0-0: Swinging Strike
0-1: Ball
1-1: Ball
2-1: Swinging Strike
2-2: Ball
3-2: Strikes out swinging
José Alomar steals 2nd base
Batter strikes out.
Batting: SHB Lee Townsend 0-0: Called Strike
0-1: Swinging Strike
0-2: Ball
1-2: SINGLE (Groundball, 3D)
José Alomar to third
Runner from 3rd tries for Home, SAFE, no throw
Batting: RHB Lorenzo Guzmán 0-0: Swinging Strike
0-1: Foul Ball, location: 2F
0-2: Ball
1-2: Ball
2-2: Strikes out swinging
Batting: SHB Jesús Ramírez 0-0: Swinging Strike
0-1: Ball
1-1: Foul Ball, location: 2F
1-2: Strikes out swinging
Bottom of the 7th over - 1 run(s), 1 hit(s), 0 error(s), 1 left on base; Greenville 20 - Chicago 7
TOP OF THE 8TH
Greenville 84s batting - Pitching for Chicago Machine : RHP Sam Wallace
Batting: LHB George Wood 0-0: Called Strike
0-1: Foul Ball, location: 2F
0-2: SINGLE (Line Drive, 6D)
Batting: RHB Owen Carter 0-0: Foul Ball, location: 2F
0-1: Swinging Strike
0-2: Ball
Wild Pitch!
George Wood to second
1-2: Foul Ball, location: 2F
1-2: Ball
2-2: Foul Ball, location: 2F
2-2: Foul Ball, location: 2F
2-2: Strikes out looking
Batting: LHB Robert Moore 0-0: Called Strike
0-1: Called Strike
0-2: Strikes out swinging
Batting: RHB Jorge Cisneros 0-0: Fly out, F8 (Flyball, 8RD)
Top of the 8th over - 0 run(s), 1 hit(s), 0 error(s), 1 left on base; Greenville 20 - Chicago 7
BOTTOM OF THE 8TH
Chicago Machine batting - Pitching for Greenville 84s : RHP Fernand Picard
Batting: SHB Joaquín López 0-0: Called Strike
0-1: Swinging Strike
0-2: Foul Ball, location: 2F
0-2: Ball
1-2: Ground out 1-3 (Groundball, 15S)
Batting: RHB Matt Doyle 0-0: Called Strike
0-1: Called Strike
0-2: Ball
1-2: Fly out, F9 (Flyball, 89M)
Batting: SHB Edward Bartlett 0-0: Called Strike
0-1: Reached on error, E4 (Groundball, 4D)
Batting: RHB Doug Stephens 0-0: Ball
1-0: SINGLE (Groundball, 6MD)
Edward Bartlett to second
Runner from 2nd tries for 3rd, SAFE, throw made to third
Batting: SHB José Alomar 0-0: Called Strike
0-1: Called Strike
0-2: Ball
1-2: Foul Ball, location: 2F
1-2: Foul Ball, location: 2F
1-2: Strikes out looking
Bottom of the 8th over - 0 run(s), 1 hit(s), 1 error(s), 2 left on base; Greenville 20 - Chicago 7
TOP OF THE 9TH
Greenville 84s batting - Pitching for Chicago Machine : RHP Sam Wallace
Batting: RHB Carlos Torres 0-0: Ball
1-0: Foul Ball, location: 2F
1-1: Foul Ball, location: 2F
1-2: DOUBLE (Line Drive, 9LD)
Batting: LHB Chris Moore 0-0: Ball
1-0: Ball
2-0: SINGLE (Groundball, 34D)
Carlos Torres to third
Runner from 3rd tries for Home, SAFE, no throw
Batting: RHB Enzo Díaz 0-0: Ball
1-0: Ball
2-0: Called Strike
2-1: Foul Ball, location: 2F
2-2: SINGLE (Flyball, 89S)
Chris Moore to second
Batting: LHB Brock Larsen 0-0: Ball
Balk!
Chris Moore to third
Enzo Díaz to second
1-0: Foul Ball, location: 2F
1-1: Foul Ball, location: 2F
1-2: Ball
2-2: Ground out U3 (Groundball, 34)
Chris Moore scores
Enzo Díaz to third
Batting: LHB Paco Rosas 0-0: Ball
1-0: Ball
2-0: Ball
3-0: Base on Balls
Batting: LHB George Wood 0-0: Ball
1-0: Ball
2-0: Ball
3-0: Base on Balls
Paco Rosas to second
Batting: RHB Owen Carter 0-0: Called Strike
0-1: Foul Ball, location: 2F
0-2: Foul Ball, location: 2F
0-2: SINGLE (Line Drive, 9LS)
Enzo Díaz scores
Paco Rosas to third
George Wood to second
Runner from 3rd tries for Home, SAFE, no throw
Pitching: RHP Cory Lowe
Batting: LHB Robert Moore 0-0: Ball
1-0: Called Strike
Throwing error on steal attempt, E2
George Wood scores
Owen Carter to third
1-1: SINGLE (Groundball, 4D)
Owen Carter scores
Batting: RHB Jorge Cisneros 0-0: Called Strike
0-1: Called Strike
0-2: Strikes out swinging
Batting: RHB Carlos Torres 0-0: Called Strike
0-1: Swinging Strike
0-2: Foul Ball, location: 2F
0-2: SINGLE (Line Drive, 7LS)
Robert Moore to second
Batting: LHB Chris Moore 0-0: Ball
1-0: Called Strike
1-1: Foul Ball, location: 2F
1-2: Strikes out swinging
Top of the 9th over - 6 run(s), 6 hit(s), 1 error(s), 2 left on base; Greenville 26 - Chicago 7
BOTTOM OF THE 9TH
Chicago Machine batting - Pitching for Greenville 84s : RHP Fernand Picard
Batting: LHB Kiyonaga Morita 0-0: Foul Ball, location: 2F
0-1: Ground out 6-3 (Groundball, 6)
Pitching: RHP Pierre Deschênes
Batting: SHB Lee Townsend 0-0: Ball
1-0: Ball
2-0: Ground out U3 (Groundball, 3)
Batting: RHB Lorenzo Guzmán 0-0: Called Strike
0-1: Ground out 6-3 (Groundball, 6)
Bottom of the 9th over - 0 run(s), 0 hit(s), 0 error(s), 0 left on base; Greenville 26 - Chicago 7
Thursday, March 30th, 2017 - OOTP Baseball 17.12 Build 75